 Dungeon Crawl Stone Soup version 0.28-a0-779-g3d1f99b579 (webtiles) character file.

Game seed: 7625402607992105459

4 ytrimaz the Grave Robber (level 1, -1/13 HPs)
             Began as a Demonspawn Necromancer on Nov 2, 2021.
             Slain by a quokka (5 damage)
             ... on level 1 of the Dungeon.
             The game lasted 00:00:32 (185 turns).

ytrimaz the Grave Robber (Demonspawn Necromancer)    Turns: 185, Time: 00:00:32

Health: -1/13      AC:  2    Str:  8    XL:     1   Next: 58%
Magic:  1/3        EV: 12    Int: 16    God:
Gold:   2          SH:  0    Dex: 13    Spells: 3/4 levels left

rFire   . . .      SeeInvis .   b - +0 dagger
rCold   . . .      Faith    .   (no shield)
rNeg    . . .      Spirit   .   a - +0 robe
rPois   .          Reflect  .   (no helmet)
rElec   .          Harm     .   (no cloak)
rCorr   .          Rampage  .   (no gloves)
Will    .....                   (no boots)
Stlth   ++........              (no amulet)
HPRegen 0.04/turn               (no ring)
MPRegen 0.08/turn               (no ring)

@: no status effects
A: no striking features
a: no special abilities


You were on level 1 of the Dungeon.
You visited 1 branch of the dungeon, and saw 1 of its levels.

You collected 2 gold pieces.

Inventory:

Hand Weapons
 b - a +0 dagger (weapon)
Armour
 a - a +0 robe (worn)
Scrolls
 c - a scroll of amnesia {unknown}


   Skills:
 - Level 1.7 Dodging
 - Level 1.7 Stealth
 + Level 2.0 Spellcasting
 + Level 4.6 Necromancy


You had 3 spell levels left.
You knew the following spells:

 Your Spells              Type           Power      Damage    Failure   Level
a - Pain                  Necr           64%        1d7       3%          1

Your spell library contained the following spells:

 Spells                   Type           Power      Damage    Failure   Level
 Animate Skeleton         Necr           32%        N/A       3%          1
 Vampiric Draining        Necr           16%        2d7       9%          3
 Animate Dead             Necr           8%         N/A       30%         4
 Agony                    Necr           16%        N/A       63%         5


Dungeon Overview and Level Annotations

Branches:
Dungeon (1/15)

Altars:


Message History

Found a stone staircase leading down.
c - a scroll labelled QODDAPECZI You now have 2 gold pieces.
A ball python comes into view.
Found a short sword.
You can't see any susceptible monsters within range! (Use Z to cast anyway.)
The ball python hisses angrily.
The ball python writhes in agony.
You kill the ball python!
You can't see any susceptible monsters within range! (Use Z to cast anyway.)
A hobgoblin comes into view.
The hobgoblin shouts!
A hobgoblin is nearby!
A hobgoblin is nearby!
The hobgoblin writhes in agony.
The hobgoblin writhes in agony.
A quokka comes into view.
There are monsters nearby!
The hobgoblin writhes in agony.
You hit the hobgoblin.
You kill the hobgoblin!
You see here a hobgoblin corpse.
You closely miss the quokka. The quokka bites you.
You hit the quokka but do no damage. The quokka barely misses you.
You hit the quokka.
The quokka is heavily wounded.
The quokka bites you. The quokka barely misses you.
You hit the quokka but do no damage.
The quokka is heavily wounded.
The quokka misses you.
Casting: Pain (safe; 3% risk of failure)
Confirm with . or Enter, or press ? or * to list all spells.
Aiming: Pain (safe; 3% risk of failure)
Press: ? - help, Shift-Dir - straight line, f - quokka
Aim: a quokka (heavily wounded, chance to affect: 87%)
The quokka writhes in agony.
The quokka barely misses you. The quokka misses you.
The quokka closely misses you. The quokka bites you.
You die...

#.# #.# #.# #. #.# #.# #.# #.#
##########.# #.# #.####
#..........####.####....#
#.########.##..... .....# #.##
#.........# #....# #..#
#.........####.###### #..#
###.@##.#............
#..######.r#.....###.#####.
#.......#..................
##.####.#...............##.
#.# #.#..................
#.####.#..>...............
#.#.......................
#####...................##.##.
#...#..........#.##..##.##....


You could see a quokka.

Vanquished Creatures
  A giant cockroach (D:1)
  A goblin (D:1)
  A hobgoblin (D:1)
  A ball python (D:1)
4 creatures vanquished.

Notes
Turn   | Place    | Note
-------+----------+-------------------------------------------
     0 | D:1      | ytrimaz the Demonspawn Necromancer began the quest for the
                  | Orb.
     0 | D:1      | Reached XP level 1. HP: 13/13 MP: 3/3
   185 | D:1      | Slain by a quokka

Illustrated notes

Levels and vault maps discovered:
D:1:      giann_forest_graveyard, layout_basic,
          hellmonk_ecumenical_altar_lost_god, chequers_serial_rivers_large_a,
          minmay_misc_feat_four_crosses

Action                   || total
-------------------------++-------
Melee: Dagger            ||     5
 Cast: Pain              ||     8
Dodge: Dodged            ||     6

Table legend: (Time is in decaauts)
 A = Elapsed time spent in this place.
 B = Non-inter-level travel time spent in this place.
 C = Inter-level travel time spent in this place.
 D = Time resting spent in this place.
 E = Time spent auto-exploring this place.
 F = Levels seen in this place.
 G = Mean time per level.
                   A        B        C        D        E       F      G
               +--------+--------+--------+--------+--------+-----+--------+
         Total |    184 |    184 |      0 |      0 |    137 |   1 |  184.0 |
       Dungeon |    184 |    184 |      0 |      0 |    137 |   1 |  184.0 |
               +--------+--------+--------+--------+--------+-----+--------+

Top non-repeatable levels by time:
     D:1: 184 daAuts
